 Dungeon Crawl Stone Soup version 0.32-a0-40-g2adb59ae06 (webtiles) character file.

Game seed: 4469424887820194563

360 Dittersdorf the Shield-Bearer (level 6, 0/40 HPs)
             Began as a Gargoyle Fighter on Jan 24, 2024.
             Incinerated by a bombardier beetle (5 damage)
             ... with a burning spray
             ... on level 3 of the Dungeon.
             The game lasted 00:02:57 (1862 turns).

Dittersdorf the Shield-Bearer (Gargoyle Fighter)    Turns: 1862, Time: 00:02:58

Health: 0/40       AC: 20    Str: 22    XL:     6   Next: 65%
Magic:  6/6        EV:  8    Int:  8    God:
Gold:   214        SH:  4    Dex:  9    Spells: 5/5 levels left

rFire   . . .        a - +0 flail (freeze)
rCold   . . .        c - +0 buckler
rNeg    + . .        u - +0 chain mail
rPois   ∞            q - +0 helmet
rElec   +            n - +0 cloak
rCorr   .            (no gloves)
SInv    .            (no boots)
Will    .....        s - amulet of the acrobat Stlth
                     e - +4 ring of protection
HPRegen 0.26/turn    (no ring)
MPRegen 0.10/turn

%: acrobat
@: on fire, glowing
A: sickness immunity, AC +4, negative energy resistance 1, electricity
resistance, torment resistance 1, petrification resistance
a: no special abilities


You were on level 3 of the Dungeon.
You visited 1 branch of the dungeon, and saw 3 of its levels.
You also visited: Sewer.

You collected 214 gold pieces.

Inventory:

Hand Weapons
 a - a +0 flail of freezing (weapon)
Armour
 c - a +0 buckler (worn)
 n - a +0 cloak (worn)
 q - a +0 helmet (worn)
 u - a +0 chain mail (worn)
Jewellery
 e - a +4 ring of protection (left hand)
 s - an amulet of the acrobat (around neck)
Wands
 t - a wand of quicksilver (13)
Scrolls
 d - a scroll of brand weapon
 g - 2 scrolls of vulnerability {unknown}
 h - 2 scrolls of fog {unknown}
 i - 2 scrolls of teleportation {unknown}
 k - 2 scrolls of poison {unknown}
 l - a scroll of noise {unknown}
 m - 2 scrolls of identify {unknown}
Potions
 b - a potion of mutation {unknown}
 f - 3 potions of enlightenment {unknown}
 j - 2 potions of curing {unknown}
 p - a potion of haste {unknown}


   Skills:
 + Level 4.8 Fighting
 + Level 3.8 Maces & Flails
 + Level 4.8 Armour
 + Level 4.8 Shields


You had 5 spell levels left.
You didn't know any spells.
Your spell library was empty.

Dungeon Overview and Level Annotations

Branches:
Dungeon (3/15)              Sewer (visited)

Altars:

Annotations:
D:1 1 runed translucent door


Innate Abilities, Weirdness & Mutations

You are immune to sickness and miasma.
Your stone body is resilient. (AC +4)
You are immune to poison.
You resist negative energy. (rN+)
You are resistant to electric shocks. (rElec)
You are resistant to unholy torment.
You are immune to petrification.


Message History

You block the hound's attack.
You closely miss the hound.
The hound is lightly wounded.
You block the hound's attack. The hound bites you but does no damage.
You barely miss the hound.
The hound is lightly wounded.
The hound bites you.
You closely miss the hound.
The hound is lightly wounded.
You block the hound's attack. The hound bites you but does no damage.
You barely miss the hound.
The hound is lightly wounded.
The hound bites you but does no damage. The hound barely misses you.
You barely miss the hound.
The hound is lightly wounded.
The hound bites you but does no damage. The hound barely misses you.
You closely miss the hound.
The hound is lightly wounded.
The hound bites you. You block the hound's attack.
You sock the hound! You freeze the hound.
You kill the hound!
You sock the bombardier beetle! You freeze the bombardier beetle.
The bombardier beetle is almost dead.
The bombardier beetle bites you but does no damage.
You closely miss the bombardier beetle.
The bombardier beetle is almost dead.
The bombardier beetle sprays incendiary fluid at you.
The burning spray hits you.
You are covered in liquid fire!
You hit the bombardier beetle but do no damage.
The bombardier beetle is almost dead.
The liquid fire burns you!
* * * LOW HITPOINT WARNING * * *
You hit the bombardier beetle. You freeze the bombardier beetle.
You kill the bombardier beetle!
The liquid fire burns you!
* * * LOW HITPOINT WARNING * * *
You closely miss the rat. The liquid fire burns you!
You die...

.#....###...*,,..,,,...,..##***
.######...##****.###..##.....,***
.#####..#### *,.#.#.#.#.#.#,**,
.#####.##### *,,..........,,**,
.......##### *,##.#.#.#.#,****,
.##.......## **#........,,,* *,
....#####..### ##.#.#.#.#.#* *,
...## ##...#####....†......* *,
...# ###....@r#.#.#.#.#.#***,
...# #######.......>,,,**,, ####
##.#.#.#.#,**,,* *..........,*,**
##.#.#.#.#.#*,* #####......,,*
**####****


You could see a rat.

Vanquished Creatures
  Pargi (Sewer)
  A brain worm (Sewer)
  A bombardier beetle (D:3)
  A jelly (Sewer)
  A hound (D:3)
  Robin (D:2)
  3 adders (D:2)
  A ribbon worm (D:2)
  5 endoplasms
  4 giant cockroaches
  13 goblins
  9 hobgoblins
  2 quokkas
  6 ball pythons
  5 bats
  4 frilled lizards
  8 kobolds
  4 rats
70 creatures vanquished.

Notes
Turn   | Place    | Note
-------+----------+-------------------------------------------
     0 | D:1      | Dittersdorf the Gargoyle Fighter began the quest for the
                  | Orb.
     0 | D:1      | Reached XP level 1. HP: 14/14 MP: 1/1
     0 | D:1      | Noticed a jelly
     3 | D:1      | Found a runed translucent door.
    99 | D:1      | Reached XP level 2. HP: 19/19 MP: 2/2
   889 | D:2      | Reached XP level 3. HP: 23/23 MP: 3/3
  1099 | D:2      | Reached XP level 4. HP: 29/29 MP: 4/4
  1166 | D:2      | Noticed Robin
  1185 | D:2      | Killed Robin
  1526 | D:3      | Found a glowing drain.
  1553 | Sewer    | Entered a sewer
  1553 | Sewer    | Noticed Pargi
  1566 | Sewer    | Killed Pargi
  1567 | Sewer    | Reached XP level 5. HP: 32/34 MP: 5/5
  1583 | Sewer    | Reached XP level 6. HP: 35/39 MP: 6/6
  1862 | D:3      | Incinerated by a bombardier beetle

Illustrated notes

Levels and vault maps discovered:
D:1:      dpeg_arrival_caged_fury, layout_basic
D:2:      layout_rooms, minmay_stone_trees_small, minmay_hexomino_c4, uniq_robin
D:3:      layout_rooms, portal_sewer_entry_a, st_stairs_10,
          uniq_crazy_yiuf_cottage, uniq_grinder

Skill      XL: |  1  2  3  4 |
---------------+-------------+-----
Fighting       | 4 |  4.8
Shields        | 4 |  4.8
Armour         | 4 |  4.8
Maces & Flails | 3 |  3.8

Action                     |  1- 3 |  4- 6 || total
---------------------------+-------+-------++-------
  Melee: Flail             |   132 |    94 ||   226
    Use: Scroll            |       |     2 ||     2
         Potion            |       |     1 ||     1
 Armour: Scale mail        |   122 |    59 ||   181
         Chain mail        |       |    38 ||    38
  Dodge: Dodged            |    89 |    44 ||   133
  Block: Buckler           |    47 |    28 ||    75

Table legend: (Time is in decaauts)
 A = Elapsed time spent in this place.
 B = Non-inter-level travel time spent in this place.
 C = Inter-level travel time spent in this place.
 D = Time resting spent in this place.
 E = Time spent auto-exploring this place.
 F = Levels seen in this place.
 G = Mean time per level.
                   A        B        C        D        E       F      G
               +--------+--------+--------+--------+--------+-----+--------+
         Total |   1931 |   1902 |     29 |     77 |   1240 |   4 |  482.8 |
       Dungeon |   1756 |   1727 |     29 |     77 |   1124 |   3 |  585.3 |
         Sewer |    175 |    175 |      0 |      0 |    115 |   1 |  175.0 |
               +--------+--------+--------+--------+--------+-----+--------+

Top non-repeatable levels by time:
     D:1: 882 daAuts
     D:2: 668 daAuts
     D:3: 205 daAuts
   Sewer: 175 daAuts
